 Dungeon Crawl Stone Soup version 0.26-a0-1205-g4083c211ab (webtiles) character file.

Game seed: 13645970203983651453

1000 DuloT34 the Scholar of Death (level 8, 0/57 HPs)
             Began as a Ghoul Necromancer on Dec 29, 2020.
             Was a Follower of Kikubaaqudgha.
             Slain by a wight
             ... wielding a cursed +4 morningstar
              (11 damage)
             ... on level 7 of the Dungeon.
             The game lasted 00:28:37 (8925 turns).

DuloT34 the Scholar of Death (Ghoul Necromancer)    Turns: 8925, Time: 00:28:38

Health: 0/57       AC:  8    Str: 11    XL:     8   Next: 19%
Magic:  3/16       EV: 12    Int: 22    God:    Kikubaaqudgha [*.....]
Gold:   339        SH:  0    Dex:  9    Spells: 6/20 levels left

rFire    . . .     SeeInvis .   l - +0 dagger (freeze)
rCold    + . .     Faith    .   (no shield)
rNeg     + + +     Spirit   .   a - +1 robe
rPois    ∞         Reflect  .   (no helmet)
rElec    .         Harm     .   f - +1 cloak
rCorr    .         Rampage  .   c - +1 pair of gloves
Will     .....                  h - +0 pair of boots of the Gravedigger {Str-2 Int+5} (curse)
Stlth    ++........             (no amulet)
HPRegen  0.00/turn              d - +6 ring of intelligence
MPRegen  0.15/turn              (no ring)

@: hasted, very quick
A: claws 1, cold resistance 1, negative energy resistance 3, inhibited
regeneration, torment resistance, unbreathing
a: Renounce Religion, Receive Corpses


You were on level 7 of the Dungeon.
You worshipped Kikubaaqudgha.
Kikubaaqudgha was aware of your devotion.
You visited 2 branches of the dungeon, and saw 9 of its levels.
You also visited: Bailey.

You collected 339 gold pieces.

Inventory:

Hand Weapons
 l - a +0 dagger of freezing (weapon)
Armour
 a - a +1 robe (worn)
 c - a +1 pair of gloves (worn)
 f - a +1 cloak (worn)
 h - the cursed +0 pair of boots of the Gravedigger (worn) {Str-2 Int+5}
   (You found it on level 6 of the Dungeon)

   It affects your strength (-2).
   It affects your intelligence (+5).
   It has a curse placed upon it.
Jewellery
 d - a +6 ring of intelligence (left hand)
 q - an uncursed ring of fire {unknown}
 x - a cursed ring of teleportation {unknown}
 D - an uncursed ring of fire {unknown}
Wands
 g - a wand of flame (3)
 o - a wand of iceblast (20)
 u - a wand of polymorph (9)
Scrolls
 j - a scroll of enchant weapon {unknown}
 k - a scroll of enchant armour
 n - 2 scrolls of fear {unknown}
 p - 4 scrolls of remove curse
 v - 5 scrolls of identify
 w - 3 scrolls of magic mapping
 y - 2 scrolls of immolation {unknown}
 z - a scroll of random uselessness {unknown}
 B - a scroll of teleportation
 C - a scroll of blinking
Potions
 b - a potion of cancellation {unknown}
 e - 3 potions of curing
 i - a potion of haste
 m - 3 potions of brilliance {unknown}
 r - 2 potions of degeneration {unknown}
 s - a potion of heal wounds {unknown}
 t - 2 potions of lignification {unknown}
 A - a potion of might {unknown}


   Skills:
 - Level 1.7 Dodging
 - Level 2.1 Stealth
 * Level 6.6 Spellcasting
 + Level 6.6 Necromancy


You had 6 spell levels left.
You knew the following spells:

 Your Spells              Type           Power        Failure   Level
a - Pain                  Necr           100%         1%          1
b - Vampiric Draining     Necr           18%          1%          3
c - Animate Dead          Necr           18%          5%          4
d - Animate Skeleton      Necr           72%          1%          1
e - Agony                 Necr           36%          16%         5

Your spell library contained the following spells:

 Spells                   Type           Power        Failure   Level
 Corpse Rot               Necr/Air       N/A          3%          2
 Bolt of Magma            Conj/Fire/Erth 3%           94%         5
 Iskenderun's Battlesphe  Conj           7%           94%         5
 Iron Shot                Conj/Erth      3%           100%        6
 Orb of Destruction       Conj           3%           100%        7
 Spellforged Servitor     Conj/Summ      3%           100%        7


Dungeon Overview and Level Annotations

Branches:
Dungeon (8/15)             Temple (1/1) D:4          Bailey (visited)
   Lair: D:8-11

Altars:
Ashenzari
Cheibriados
Dithmenos
Elyvilon
Fedhas
Gozag
Hepliaklqana
Kikubaaqudgha
Makhleb
Nemelex Xobeh
Okawaru
Qazlal
Ru
Sif Muna
Trog
Uskayaw
Vehumet
Wu Jian
Xom
Yredelemnul
Zin
The Shining One

Shops:
D:5 [

Annotations:
D:3 Grinder
D:6 2 transporters, Anon1729's ghost, novice DrTm


Innate Abilities, Weirdness & Mutations

You thrive by killing the living.
You are immune to poison.
You have sharp fingernails.
Your flesh is cold resistant. (rC+)
You are immune to negative energy. (rN+++)
You do not regenerate when monsters are visible.
You are immune to unholy pain and torment.
You can survive without breathing.


Message History

The wight barely misses you.
You hit the wight but do no damage.
The wight is heavily damaged.
You hit the wight but do no damage.
The wight is heavily damaged.
The wight hits you but does no damage. Kikubaaqudgha delivers you corpses!
The wight hits you with a cursed +4 morningstar!
* * * LOW HITPOINT WARNING * * *
Casting: Vampiric Draining (safe; 1% risk of failure)
Confirm with . or Enter, or press ? or * to list all spells.
You don't have enough magic to cast that spell.
You see here a two-headed ogre corpse.
Casting: Vampiric Draining (safe; 1% risk of failure)
Confirm with . or Enter, or press ? or * to list all spells.
You don't have enough magic to cast that spell.
You feel yourself speed up.
The wight hits you with a cursed +4 morningstar!
You die...
Kikubaaqudgha rasps: "You have failed me!
Welcome... oblivion!"

#≈≈≈#.###.# #.##.≈#####≈.[#
≈≈≈≈#.....#####.##.≈≈≈≈≈≈≈..#
PP≈≈≈........##.##..........#
≈≈≈≈≈.######.##.###.........#
≈≈≈≈≈...........(..>#########
P≈≈≈..######.#......# ≈≈≈≈≈.#
#....#...†..# ≈≈≈≈≈.#
#(((.)(.z†..# P≈≈≈..#
#..(#...@...# ≈≈≈≈..#
#...#.......# P≈≈≈..#
#...#.#####.# P≈≈≈..#
#...#..# #.#
≈≈P≈..###...##.####.#
≈≈≈..............##.#
≈≈≈..............##.#
≈≈≈≈.............##.#
≈≈≈.P.#########..##.#


You could see a wight.

Vanquished Creatures
  Duvessa (D:4)
  2 big kobolds (D:7)
  A scorpion (D:7)
  Dowan (D:4)
  An electric eel (D:7)
  2 bullfrog zombies (D:7)
  A bullfrog skeleton (D:7)
  A hound (D:5)
  A jelly (D:6)
  An orc priest (D:4)
  4 orc wizards
  2 centaur skeletons
  4 worker ants
  2 hound skeletons
  6 adders
  A gnoll (D:7)
  An ooze (D:2)
  A dart slug (D:3)
  3 leopard geckos
  11 orcs
  5 bats
  6 giant cockroaches
  11 goblins
  9 hobgoblins
  A quokka (D:7)
  2 ball pythons
  7 frilled lizards
  A jackal skeleton (D:4)
  18 kobolds
  A quokka skeleton (D:4)
  6 rats
114 creatures vanquished.

Vanquished Creatures (collateral kills)
  An adder skeleton (D:7)
  A goblin (D:7)
2 creatures vanquished.

Vanquished Creatures (others)
  9 fungi (D:5)
9 creatures vanquished.

Grand Total: 125 creatures vanquished

Notes
Turn   | Place    | Note
-------+----------+-------------------------------------------
     0 | D:1      | DuloT34 the Ghoul Necromancer began the quest for the Orb.
     0 | D:1      | Reached XP level 1. HP: 14/14 MP: 2/2
   466 | D:1      | Reached XP level 2. HP: 20/20 MP: 2/4
  1153 | D:1      | Reached XP level 3. HP: 26/26 MP: 3/5
  2348 | D:2      | Reached XP level 4. HP: 26/33 MP: 1/7
  2733 | D:3      | Noticed Grinder
  2763 | D:3      | Paralysed by Grinder for 3 turns
  2767 | D:3      | Paralysed by Grinder for 2 turns
  2796 | D:4      | Reached XP level 5. HP: 24/38 MP: 2/9
  2953 | D:4      | Found a blossoming altar of Fedhas.
  3205 | D:4      | Found a staircase to the Ecumenical Temple.
  3269 | D:4      | Reached skill level 5 in Necromancy
  3557 | D:4      | Noticed Dowan
  3572 | Temple   | Entered the Ecumenical Temple
  3678 | Temple   | Became a worshipper of Kikubaaqudgha
  3780 | D:4      | Noticed Duvessa
  3785 | D:4      | Killed Dowan
  3786 | D:4      | Reached XP level 6. HP: 45/45 MP: 4/11
  4415 | D:4      | Killed Duvessa
  4605 | D:5      | Entered Level 5 of the Dungeon
  5028 | D:3      | Paralysed by Grinder for 4 turns
  5166 | D:5      | Reached skill level 5 in Spellcasting
  5315 | D:5      | Found Ogett's Armour Emporium.
  5504 | D:5      | Reached XP level 7. HP: 50/50 MP: 8/13
  5600 | D:5      | Noticed a steam dragon
  5604 | D:5      | Noticed a steam dragon
  5619 | D:5      | Found a shimmering altar of Xom.
  5619 | D:5      | Found a shimmering altar of Xom.
  5619 | D:5      | Found a shimmering altar of Xom.
  5620 | D:5      | Found a shimmering altar of Xom.
  6153 | D:6      | Found a transporter.
  6189 | D:6      | Noticed Anon1729's ghost (novice DrTm)
  6195 | D:6      | Noticed a queen bee
  6273 | D:6      | Learned a level 3 spell: Vampiric Draining
  6278 | D:6      | Learned a level 4 spell: Animate Dead
  6280 | D:6      | Learned a level 1 spell: Animate Skeleton
  6286 | D:6      | Learned a level 5 spell: Agony
  6348 | D:6      | Found a burning altar of Makhleb.
  6349 | D:6      | Found a snail-covered altar of Cheibriados.
  6354 | D:6      | Found a broken altar of Ashenzari.
  6425 | D:6      | Found a transporter.
  6537 | D:6      | Found a glowing golden altar of the Shining One.
  6602 | D:6      | Got a pair of fine boots
  6608 | D:6      | Identified the cursed +0 pair of boots of the Gravedigger
                  | {Str-2 Int+5} (You found it on level 6 of the Dungeon)
  7269 | D:7      | Found a flagged portal.
  7285 | Bailey   | Entered a bailey
  7325 | Bailey   | Reached * piety under Kikubaaqudgha
  7325 | Bailey   | Identified Kikubaaqudgha's Almanac of Black Secrets
                  | (Kikubaaqudgha gifted it to you in a bailey)
  7325 | Bailey   | Received a gift from Kikubaaqudgha
  7331 | Bailey   | Noticed an orc warlord
  7542 | Bailey   | Noticed an orc knight
  8027 | D:7      | Reached XP level 8. HP: 55/57 MP: 8/16
  8925 | D:7      | Slain by a wight

Illustrated notes

Levels and vault maps discovered:
D:1:      evilmike_arrival_rings, layout_basic
D:2:      layout_basic
D:3:      layout_loops_ring, uniq_crazy_yiuf_cottage, uniq_grinder
D:4:      layout_loops_corners, lemuel_round_altar, minmay_temple_entry_slanted,
          serial_rivers, chequers_serial_rivers_micro_e,
          chequers_serial_rivers_large_b, chequers_serial_rivers_room_a,
          chequers_serial_rivers_micro_b, chequers_serial_rivers_small_3,
          uniq_duvessa
D:5:      kennysheep_steamy, layout_rooms, serial_shops, shop, xom_redecorated
D:6:      layout_loops_ring, minitemple, gammafunk_ghost_hive, tso_altar
D:7:      layout_basic, enter_bailey_3, chequers_big_river
D:8:      layout_gridville
Temple:   dpeg_five_rooms_temple

Skill      XL: |  1  2  3  4  5  6  7 |
---------------+----------------------+-----
Spellcasting   | 2 3 4 5 6 |  6.6
Necromancy     | 5 6 |  6.6
Dodging        | |  1.7
Stealth        | |  2.1

Action                   |  1- 3 |  4- 6 |  7- 9 || total
-------------------------+-------+-------+-------++-------
Melee: Unarmed           |    54 |       |       ||    54
       Short sword       |     8 |       |       ||     8
       Dagger            |       |    35 |   125 ||   160
 Cast: Pain              |    52 |   106 |    93 ||   251
       Animate Dead      |       |       |     9 ||     9
       Vampiric Draining |       |       |     4 ||     4
Invok: Receive Corpses   |       |       |     3 ||     3
  Use: Scroll            |     6 |     1 |     2 ||     9
       Potion            |       |       |     2 ||     2
 Stab: Sleeping          |     1 |       |       ||     1
Armor: Robe              |    11 |    31 |    80 ||   122
Dodge: Dodged            |    31 |    56 |   129 ||   216

Table legend: (Time is in decaauts)
 A = Elapsed time spent in this place.
 B = Non-inter-level travel time spent in this place.
 C = Inter-level travel time spent in this place.
 D = Time resting spent in this place.
 E = Time spent auto-exploring this place.
 F = Levels seen in this place.
 G = Mean time per level.
                   A        B        C        D        E       F      G
               +--------+--------+--------+--------+--------+-----+--------+
         Total |   8983 |   8713 |    270 |   2355 |   4851 |  10 |  898.3 |
       Dungeon |   8508 |   8269 |    239 |   2172 |   4693 |   8 | 1063.5 |
        Temple |    194 |    163 |     31 |      0 |    158 |   1 |  194.0 |
        Bailey |    280 |    280 |      0 |    183 |      0 |   1 |  280.0 |
               +--------+--------+--------+--------+--------+-----+--------+

Top non-repeatable levels by time:
     D:4: 1681 daAuts
     D:7: 1603 daAuts
     D:1: 1421 daAuts
     D:2: 1070 daAuts
     D:5: 1002 daAuts
     D:3: 818 daAuts
     D:6: 798 daAuts
  Bailey: 280 daAuts
  Temple: 194 daAuts
     D:8: 112 daAuts
